 Dungeon Crawl Stone Soup version 0.26-a0-652-gafc20e3620 (webtiles) character file.

Game seed: 16590854352007231526

104 marklar909 the Sneak (level 5, 0/32 HPs)
             Began as a Kobold Brigand on Oct 3, 2020.
             Was an Initiate of Gozag.
             Slain by Crazy Yiuf the wolf (9 damage)
             ... on level 2 of the Dungeon.
             The game lasted 00:03:49 (3124 turns).

marklar909 the Sneak (Kobold Brigand)               Turns: 3124, Time: 00:03:49

Health: 0/32       AC:  3    Str:  8    XL:     5   Next: 7%
Magic:  5/5        EV: 15    Int: 14    God:    Gozag
Gold:   268        SH:  0    Dex: 16    Spells: 4/4 levels left

rFire    . . .     SeeInvis .   a - +2 dagger
rCold    . . .     Faith    .   (shield restricted)
rNeg     . . .     Spirit   .   b - +0 robe
rPois    .         Reflect  .   (no helmet)
rElec    .         Harm     .   c - +0 cloak
rCorr    .         Rampage  .   (no gloves)
MR       .....                  (no boots)
Stlth    +++++.....             (no amulet)
HPRegen  0.10/turn              (no ring)
MPRegen  0.09/turn              (no ring)

@: no status effects
A: small, nightstalker 3
a: Potion Petition, Call Merchant, Bribe Branch, Renounce Religion


You were on level 2 of the Dungeon.
You worshipped Gozag.
Gozag was aware of your devotion.
You visited 1 branch of the dungeon, and saw 2 of its levels.

You collected 314 gold pieces.
You paid 46 gold pieces to Gozag.

Inventory:

Hand Weapons
 a - a +2 dagger (weapon)
Missiles
 d - 8 poisoned darts (quivered)
Armour
 b - a +0 robe (worn)
 c - a +0 cloak (worn)
Wands
 p - a wand of polymorph (7)
Scrolls
 g - 4 scrolls of amnesia {unknown}
 h - a scroll of identify {unknown}
 i - a scroll of remove curse {unknown}
 m - a scroll of random uselessness {unknown}
Potions
 f - a potion of heal wounds {unknown}
 j - a potion of curing
 k - a potion of invisibility {unknown}
 l - a potion of haste {unknown}
 n - a potion of magic {unknown}
 o - a potion of cancellation {unknown}
 q - a potion of berserk rage {unknown}


   Skills:
 * Level 3.0 Fighting
 + Level 3.4 Short Blades
 + Level 2.3 Throwing
 * Level 2.1 Dodging
 + Level 7.0 Stealth


You had 4 spell levels left.
You didn't know any spells.
Your spell library was empty.

Dungeon Overview and Level Annotations

Branches:
Dungeon (2/15)

Altars:
Gozag
Hepliaklqana
Xom

Annotations:
D:2 Crazy Yiuf


Innate Abilities, Weirdness & Mutations

You are small and have problems with some larger weapons.
You are completely attuned to the shadows.


Message History

You hit Crazy Yiuf.
Crazy Yiuf is severely wounded.
Crazy Yiuf bites you!
* * * LOW HITPOINT WARNING * * *
Unknown command.
Crazy Yiuf barely misses you.
Throwing (i - inventory. (/) - cycle)
e - a curare-tipped dart (quivered)
Press: ? - help, Shift-Dir - straight line, f/p - Crazy Yiuf
Aim: Crazy Yiuf the wolf (severely wounded, poisoned, slow)
You throw a curare-tipped dart.
The curare-tipped dart barely misses Crazy Yiuf.
Crazy Yiuf bites you.
* * * LOW HITPOINT WARNING * * *
You are too injured to fight recklessly!
It was a potion of curing.
You feel better. Crazy Yiuf misses you.
You closely miss Crazy Yiuf.
Crazy Yiuf is severely wounded.
Crazy Yiuf bites you!
You die...
Your body crumbles into a pile of gold.

.....#####
#..#.#.###..# .###.#
##.###.(#..## #....#
###.(#.#.###.# ..##.#
####............#
.###.#
##....#.(###.#.#.# <#
#.# ##..####...#..###.#
## #.# #..##
##..###.#)#.# #
#.###.#####..h........#
#
#)..........#@.....####
##...#########.######
###....# #.# .....###
#<# ####.# #.# # #.#
#.# # #.# #.# # #.# #.#
#.## #.#


You could see Crazy Yiuf the wolf (poisoned, slow).

Vanquished Creatures
  An adder (D:2)
  2 oozes (D:1)
  A worm (D:2)
  3 dart slugs (D:1)
  A leopard gecko (D:2)
  A ball python (D:1)
  5 bats
  4 giant cockroaches
  9 hobgoblins
  17 jackals
  3 frilled lizards
  4 goblins
  8 kobolds
  9 rats
68 creatures vanquished.

Notes
Turn   | Place    | Note
-------+----------+-------------------------------------------
     0 | D:1      | marklar909 the Kobold Brigand began the quest for the Orb.
     0 | D:1      | Reached XP level 1. HP: 12/12 MP: 1/1
    57 | D:1      | Reached XP level 2. HP: 17/17 MP: 2/2
   180 | D:1      | Reached skill level 6 in Stealth
   236 | D:1      | Reached XP level 3. HP: 22/22 MP: 3/3
   757 | D:1      | Reached XP level 4. HP: 17/27 MP: 4/4
  1524 | D:2      | Found an opulent altar of Gozag.
  1732 | D:2      | Became a worshipper of Gozag Ym Sagoz the Greedy
  2217 | D:2      | Found a hazy altar of Hepliaklqana.
  2218 | D:2      | Found a shimmering altar of Xom.
  2220 | D:2      | Noticed a spectral ugly thing
  2265 | D:2      | Reached skill level 7 in Stealth
  2572 | D:2      | Found a runed translucent door.
  2575 | D:2      | Noticed Crazy Yiuf
  2609 | D:2      | Reached XP level 5. HP: 13/32 MP: 5/5
  3111 | D:2      | Noticed Crazy Yiuf
  3111 | D:2      | Crazy Yiuf changed into Crazy Yiuf the wolf
  3124 | D:2      | Slain by Crazy Yiuf the wolf

Illustrated notes

Levels and vault maps discovered:
D:1:      grunt_arrival_lava_bath, layout_basic
D:2:      layout_rooms, regret_index_temple_of_mockery,
          nicolae_gozag_cash_rules_everything_around_me, minmay_heptomino_h4,
          uniq_crazy_yiuf_cottage

Skill      XL: |  1  2  3  4 |
---------------+-------------+-----
Stealth        | 6 7 |  7.0
Short Blades   | 3 |  3.4
Dodging        | 2 |  2.1
Fighting       | 3 |  3.0
Throwing       | |  2.3

Action                   |  1- 3 |  4- 6 || total
-------------------------+-------+-------++-------
Melee: Dagger            |    76 |   109 ||   185
Throw: Dart              |       |     5 ||     5
Evoke: Wand              |       |     1 ||     1
  Use: Potion            |       |     1 ||     1
 Stab: Sleeping          |    17 |    20 ||    37
Armor: Robe              |    10 |    12 ||    22
Dodge: Dodged            |    40 |    79 ||   119

Table legend: (Time is in decaauts)
 A = Elapsed time spent in this place.
 B = Non-inter-level travel time spent in this place.
 C = Inter-level travel time spent in this place.
 D = Time resting spent in this place.
 E = Time spent auto-exploring this place.
 F = Levels seen in this place.
 G = Mean time per level.
                   A        B        C        D        E       F      G
               +--------+--------+--------+--------+--------+-----+--------+
         Total |   3095 |   3040 |     55 |    787 |   1783 |   2 | 1547.5 |
       Dungeon |   3095 |   3040 |     55 |    787 |   1783 |   2 | 1547.5 |
               +--------+--------+--------+--------+--------+-----+--------+

Top non-repeatable levels by time:
     D:2: 1605 daAuts
     D:1: 1489 daAuts
